 Dungeon Crawl Stone Soup version 0.30-a0-137-gd8773701ce (webtiles) character file.

Game seed: 9285401550884945362

6 Iusername the Shield-Bearer (level 1, -8/20 HPs)
             Began as a Minotaur Fighter on Sept 22, 2022.
             Mangled by a kobold
             ... wielding a +0 whip of electrocution
              (13 damage)
             ... on level 1 of the Dungeon.
             The game lasted 00:00:19 (356 turns).

Iusername the Shield-Bearer (Minotaur Fighter)       Turns: 356, Time: 00:00:20

Health: -8/20      AC:  7    Str: 20    XL:     1   Next: 75%
Magic:  0/0        EV:  9    Int:  5    God:
Gold:   26         SH:  4    Dex:  9    Spells: 0/0 levels left

rFire   . . .      SeeInvis .    a - +0 war axe
rCold   . . .      Faith    .    c - +0 buckler
rNeg    . . .      Spirit   .    b - +0 scale mail
rPois   .          Reflect  .    (helmet restricted)
rElec   .          Harm     .    (no cloak)
rCorr   .          Rampage  .    (no gloves)
Will    .....                    (no boots)
Stlth   ..........               (no amulet)
HPRegen 0.06/turn                (no ring)
MPRegen 0.07/turn                (no ring)

@: no status effects
A: horns 2, retaliatory headbutt
a: no special abilities


You were on level 1 of the Dungeon.
You visited 1 branch of the dungeon, and saw 1 of its levels.

You collected 26 gold pieces.

Inventory:

Hand Weapons
 a - a +0 war axe (weapon)
Armour
 b - a +0 scale mail (worn)
 c - a +0 buckler (worn)
Scrolls
 e - 3 scrolls of identify {unknown}
Potions
 d - 2 potions of might
 f - 2 potions of invisibility {unknown}
 g - a potion of attraction {unknown}


   Skills:
 + Level 3.6 Fighting
 + Level 2.4 Axes
 + Level 3.8 Armour
 + Level 4.0 Shields


You couldn't memorise any spells.
You didn't know any spells.
Your spell library was empty.

Dungeon Overview and Level Annotations

Branches:
Dungeon (1/15)

Altars:


Innate Abilities, Weirdness & Mutations

You have a pair of horns on your head.
You reflexively headbutt those who attack you in melee.


Message History

No target in view!
There is a dry fountain here.
There is a stone staircase leading down here.
Found a dagger.
No target in view!
Unknown command.
A rat comes into view.
The rat moves out of view.
No target in view!
Unknown command.
A rat is nearby!
Found a gold piece.
Unknown command.
A rat is nearby!
The rat closely misses you.
Unknown command.
You barely miss the rat. The rat closely misses you.
You block the rat's attack.
A rat is nearby!
Unknown command.
You slash the rat!
You kill the rat!
d - 2 potions of might (gained 1)
A kobold comes into view.
It is wielding a +0 whip of electrocution.
The kobold shouts!
A giant cockroach comes into view.
The kobold throws a stone.
The stone barely misses you.
Unknown command.
There are monsters nearby!
The giant cockroach waves its antennae.
Unknown command.
There are monsters nearby!
You hit the kobold but do no damage. Your headbutt misses the kobold.
The kobold hits you but does no damage.
You are electrocuted!
Ouch! That really hurt!
The kobold hits you with a +0 whip of electrocution.
* * * LOW HITPOINT WARNING * * *
You are electrocuted!
Ouch! That really hurt!
You die...

..# #..# # #..# ..
####..#####.
#..##..#.$......
#...............
......K...B.....
#...@.......#
###..#..####.
.........# #
####.###.####.#########
#. #............... #.
##......########.
#.##...###.#######..
#......# #.....†....
####.).###.#######..


You could see a giant cockroach and a kobold.

Vanquished Creatures
  2 bats (D:1)
  3 frilled lizards (D:1)
  A kobold (D:1)
  2 rats (D:1)
8 creatures vanquished.

Notes
Turn   | Place    | Note
-------+----------+-------------------------------------------
     0 | D:1      | Iusername the Minotaur Fighter began the quest for the Orb.
     0 | D:1      | Reached XP level 1. HP: 19/19 MP: 0/0
   215 | D:1      | Found a faded altar of an unknown god.
   222 | D:1      | Reached skill level 4 in Shields
   356 | D:1      | Mangled by a kobold

Illustrated notes

Levels and vault maps discovered:
D:1:      amcnicky_arrival_gap_in_the_tavern_cellar, layout_loops_ring,
          serial_forest, infiniplex_forest_clump_curved, infiniplex_forest_join,
          infiniplex_forest_side_room, infiniplex_forest_clump_tiny,
          shapermc_ecumenical_altar_acropolis

Skill      XL: |  1 |
---------------+----+-----
Shields        | 4 |  4.0
Fighting       | |  3.6
Axes           | |  2.4
Armour         | |  3.8

Action                   || total
-------------------------++-------
Melee: War axe           ||    23
       Headbutt          ||     2
Armor: Scale mail        ||    20
Dodge: Dodged            ||     7
Block: Buckler           ||     8

Table legend: (Time is in decaauts)
 A = Elapsed time spent in this place.
 B = Non-inter-level travel time spent in this place.
 C = Inter-level travel time spent in this place.
 D = Time resting spent in this place.
 E = Time spent auto-exploring this place.
 F = Levels seen in this place.
 G = Mean time per level.
                   A        B        C        D        E       F      G
               +--------+--------+--------+--------+--------+-----+--------+
         Total |    365 |    351 |     14 |      0 |    294 |   1 |  365.0 |
       Dungeon |    365 |    351 |     14 |      0 |    294 |   1 |  365.0 |
               +--------+--------+--------+--------+--------+-----+--------+

Top non-repeatable levels by time:
     D:1: 365 daAuts
